[Event "55th Rubinstein Memorial-C 2019"]
[Site "Polanica-Zdroj"]
[Date "2019.08.19"]
[Round "3.15"]
[White "Zalega, Maciej"]
[Black "Witkowski, Krzysztof"]
[Result "1/2-1/2"]
[ECO "B34"]
[WhiteElo "1429"]
[BlackElo "1707"]
[Annotator "NA RC"]
[PlyCount "90"]
[EventDate "2019.08.17"]
[EventType "swiss"]
[EventCountry "POL"]
[SourceTitle "playchess.com"]
[Source "ChessBase"]
[SourceQuality "1"]
[TimeControl "40/5400+30:1800+30"]

1. e4 c5 2. Nf3 Nc6 3. d4 cxd4 4. Nxd4 Nf6 5. Nc3 e5 6. Ndb5 d6 7. Nd5 Nxd5 8. exd5 Nb8 9. a4 Be7 10. Be2 O-O 11. O-O f5 12. f4 a6 13. Na3 Nd7 14. Nc4 e4 15. a5 b5 16. axb6 Nxb6 17. Na5 Qc7 18. Be3 Bf6 19. c3 Bd7 20. Qb3 Rfb8 21. Bxb6 Rxb6 22. Qc4 Qa7 23. Kh1 Bb5 24. Qa2 Bxe2 25. Nc6 Qb7 26. Rfe1 Rxb2 27. Qa3 Bh5 28. Qxd6 Bf7 29. Rac1 Rc8 30. h3 Kh8 31. c4 Qc7 32. Qxc7 Rxc7 33. Ne5 Bxe5 34. fxe5 Kg8 35. e6 Be8 36. d6 Rcb7 37. Rcd1 Rb8 38. d7 Rd8 39. Rd5 g6 40. c5 Rc2 41. Ra1 Kf8 42. Rxa6 Ke7 43. c6 e3 44. Kg1 Rc1+ 45. Kh2 e2 1/2-1/2

[Event "55th Rubinstein Memorial-C 2019"]
[Site "Polanica-Zdroj"]
[Date "2019.08.19"]
[Round "3.16"]
[White "Rzenca, Jerzy"]
[Black "Kurtycz, Maciej"]
[Result "1/2-1/2"]
[ECO "B23"]
[WhiteElo "1419"]
[BlackElo "1689"]
[Annotator "NA RC"]
[PlyCount "66"]
[EventDate "2019.08.17"]
[EventType "swiss"]
[EventCountry "POL"]
[SourceTitle "playchess.com"]
[Source "ChessBase"]
[SourceQuality "1"]
[TimeControl "40/5400+30:1800+30"]

1. e4 c5 2. Nc3 a6 3. f4 e6 4. Nf3 Nc6 5. g3 d5 6. d3 Be7 7. Bg2 Nf6 8. O-O O-O 9. Ne5 d4 10. Nxc6 bxc6 11. Na4 Nd7 12. b3 Nb6 13. Nxb6 Qxb6 14. e5 a5 15. a4 f5 16. g4 fxg4 17. Qxg4 Bd7 18. Be4 Rf5 19. Bxf5 exf5 20. Qg3 Be6 21. Ba3 Kh8 22. Kf2 Qd8 23. Ke2 Bd5 24. Rg1 g6 25. Qh3 Qe8 26. Rg3 Qf7 27. Bc1 Re8 28. Bd2 Bd8 29. Be1 Kg7 30. Rg1 g5 31. fxg5 Rxe5+ 32. Kd2 Re6 33. Bh4 Re3 1/2-1/2

[Event "55th Rubinstein Memorial-C 2019"]
[Site "Polanica-Zdroj"]
[Date "2019.08.19"]
[Round "3.17"]
[White "Krzyzosiak, Anna"]
[Black "Rakita, Efim"]
[Result "1/2-1/2"]
[ECO "C54"]
[WhiteElo "1590"]
[BlackElo "1960"]
[Annotator "NA RC"]
[PlyCount "77"]
[EventDate "2019.08.17"]
[EventType "swiss"]
[EventCountry "POL"]
[SourceTitle "playchess.com"]
[Source "ChessBase"]
[SourceQuality "1"]
[TimeControl "40/5400+30:1800+30"]

1. e4 e5 2. Nf3 Nc6 3. Bc4 Bc5 4. c3 Nf6 5. d3 d6 6. O-O Bg4 7. Be3 Bb6 8. Nbd2 O-O 9. h3 {[%emt 0:05:18] C54: Giuoco Piano: 4 c3 Nf6, main lines with 5 d4 and 5 d3} Be6 (9... Bh5 10. Re1 h6 11. Bb3 g5 12. Nf1 Bg6 13. Bxb6 axb6 14. Ng3 Kg7 15. d4 Re8 16. dxe5 dxe5 {1-0 (72) Corrales Jimenez,Z (2178)-Alvarez Ferreiro,R (2382) Havana 2014}) 10. Ng5 $146 ({Predecessor:} 10. Bxe6 fxe6 11. Bxb6 axb6 12. d4 Nd7 13. Re1 Qf6 14. Nf1 Rf7 15. Ng3 Raf8 16. Rc1 Ne7 {0-1 (26) Ruo,A (1608)-Mortola,A (1968) Genova 2014}) 10... Qd7 11. b4 h6 12. Nxe6 fxe6 13. a4 d5 14. exd5 exd5 15. Bb3 Kh7 16. a5 Bxe3 17. fxe3 a6 18. d4 e4 19. Qe1 Ne7 20. Qf2 g6 21. Qf4 Kg7 22. Rf2 g5 23. Qe5 Ng6 24. Qf5 {[%emt 0:02:46] [#]} (24. Qh2 $11) 24... Qxf5 ({Better is} 24... Qd6 $1 $17 25. Raf1 Rae8) 25. Rxf5 c6 26. Raf1 Nd7 $2 {[%emt 0:02:17] [#]} (26... Ng8 $11) 27. Rxf8 $2 (27. Nxe4 $1 $18 Rxf5 (27... dxe4 28. Rf7+) 28. Rxf5) 27... Rxf8 28. Rxf8 Kxf8 29. Bd1 Nf6 30. Nb3 Ne8 31. Bh5 Kg7 32. Nc5 Nd6 $1 33. Bxg6 Kxg6 34. g4 h5 35. Kf2 hxg4 36. hxg4 Kf7 37. Kg2 Ke7 38. Kf2 Ke8 39. Ke2 $11 1/2-1/2

[Event "55th Rubinstein Memorial-C 2019"]
[Site "Polanica-Zdroj"]
[Date "2019.08.19"]
[Round "3.18"]
[White "Pyka, Roman"]
[Black "Raczek, Krzysztof"]
[Result "1/2-1/2"]
[ECO "E67"]
[WhiteElo "1860"]
[BlackElo "1587"]
[Annotator "NA RC"]
[PlyCount "85"]
[EventDate "2019.08.17"]
[EventType "swiss"]
[EventCountry "POL"]
[SourceTitle "playchess.com"]
[Source "ChessBase"]
[SourceQuality "1"]
[TimeControl "40/5400+30:1800+30"]

1. d4 Nf6 2. Nf3 g6 3. c4 d6 4. Nc3 Bg7 5. g3 O-O 6. Bg2 Nbd7 7. O-O e5 8. h3 Re8 9. e4 exd4 10. Nxd4 Nc5 11. Re1 a5 12. b3 Bd7 13. Bb2 {[%emt 0:00:57] E68: King's Indian: Fianchetto: 6...Nbd7 7 0-0 e5 8 e4} (13. a4 h5 14. Bf4 h4 15. gxh4 Nh5 16. Bg5 Qc8 17. Nd5 Bxh3 18. Bf3 Qd7 19. Rb1 Be6 20. Bxh5 Bxd5 21. cxd5 gxh5 {0-1 (47) Ju,W (2579)-Harika,D (2543) Doha 2016}) 13... a4 14. b4 $146 ({Predecessor:} 14. Rb1 $11 axb3 15. axb3 h5 16. Qc2 h4 17. Rbd1 hxg3 18. fxg3 Nh5 19. Qf2 Be5 20. Re3 c6 {0-1 (35) Vakhidov,D (2250)-Iniyan,P (2452) Ahmedabad 2017}) 14... a3 15. Bc1 Ne6 ({Black should try} 15... Na4 $17 16. Ncb5 Bxb5 17. Nxb5 c6) 16. Be3 Qc8 17. Kh2 c5 18. Ndb5 Bxb5 19. Nxb5 Rd8 20. Nxd6 Qc7 21. e5 Ne8 22. Bxc5 ({Don't play} 22. Bxb7 $6 Nxd6 23. Bxa8 Nxc4 $14) 22... Bxe5 23. Rxe5 Nxd6 24. Qd5 Nxc4 25. Rxe6 Rxd5 26. Bxd5 fxe6 27. Bxe6+ Kg7 28. Bxc4 Rd8 29. Re1 {[%emt 0:00:23] [#]} Rd6 (29... b5 $142 $1 30. Bxb5 (30. Re7+ $2 Qxe7 31. Bxe7 Re8 $17) 30... Rd2) 30. Re8 h5 31. Bb3 b6 32. Bxd6 Qxd6 33. Re4 g5 34. h4 g4 35. Rf4 Qd3 36. Bc4 $1 Qc2 37. b5 Kg6 38. Kg2 Qd1 39. Bf7+ Kg7 40. Bc4 Kg6 41. Bf7+ Kg7 42. Bc4 Kg6 $11 43. Bf7+ 1/2-1/2

[Event "55th Rubinstein Memorial-C 2019"]
[Site "Polanica-Zdroj"]
[Date "2019.08.19"]
[Round "3.19"]
[White "Knap, Narcyz"]
[Black "Mike, Patryk"]
[Result "1/2-1/2"]
[ECO "C44"]
[WhiteElo "1584"]
[BlackElo "1840"]
[Annotator "NA RC"]
[PlyCount "55"]
[EventDate "2019.08.17"]
[EventType "swiss"]
[EventCountry "POL"]
[SourceTitle "playchess.com"]
[Source "ChessBase"]
[SourceQuality "1"]
[TimeControl "40/5400+30:1800+30"]

1. e4 e5 2. d4 exd4 3. Nf3 Nc6 4. Bc4 Bc5 5. c3 d6 (5... Nf6 $11) 6. Nxd4 {[%emt 0:11:41] C53: Giuoco Piano sidelines} (6. cxd4 $14 Bb6 7. h3 (7. Nc3 Bg4 8. Be3 Nf6 9. h3 Bh5 10. g4 Bg6 11. Bg5 h6 12. Bh4 Bh7 13. g5 hxg5 14. Bxg5 Qd7 15. Bxf6 gxf6 {0-1 (26) Bosiocic,M (2599)-Gareyev,T (2569) St Petersburg 2018})) 6... Nf6 7. f3 O-O 8. O-O d5 9. exd5 Nxd5 10. Kh1 $1 Bxd4 11. cxd4 Nb6 12. d5 $146 ({Predecessor:} 12. Bd3 Qxd4 13. Qc2 {0-1 (28) Tamarozi,I (1697)-Tohirjonova,G (1858) Caldas Novas 2011}) 12... Ne7 13. Bd3 Nexd5 14. Nc3 Nxc3 15. bxc3 Be6 16. Qc2 Qh4 17. a4 Bc4 18. a5 Bxd3 19. Qxd3 Rfd8 20. Qb1 Nd5 21. Qxb7 {[%emt 0:00:16] [#]} Qc4 $1 22. Rd1 Nxc3 23. Rxd8+ Rxd8 24. Bb2 $2 (24. Bg5 $15 Nd1 25. h3) 24... Nd1 25. h3 Nxb2 26. Qxb2 Qa6 27. Qc3 Rc8 $11 28. Qc5 1/2-1/2

[Event "55th Rubinstein Memorial-C 2019"]
[Site "Polanica-Zdroj"]
[Date "2019.08.19"]
[Round "3.20"]
[White "Trusz, Julia"]
[Black "Sypien, Natan"]
[Result "1/2-1/2"]
[ECO "B31"]
[WhiteElo "1583"]
[BlackElo "1819"]
[Annotator "NA RC"]
[PlyCount "108"]
[EventDate "2019.08.17"]
[EventType "swiss"]
[EventCountry "POL"]
[SourceTitle "playchess.com"]
[Source "ChessBase"]
[SourceQuality "1"]
[TimeControl "40/5400+30:1800+30"]

1. e4 c5 2. Nf3 Nc6 3. Bb5 g6 4. Bxc6 bxc6 5. O-O Bg7 6. Re1 Nh6 7. c3 O-O 8. d4 cxd4 9. cxd4 d5 10. e5 {[%emt 0:01:15] B31: Sicilian: 2...Nc6 3 Bb5 g6} f6 11. exf6 exf6 12. Nbd2 Nf7 13. Nb3 Nd6 14. Nc5 Re8 15. Bf4 Ne4 16. Rc1 Nxc5 $146 ({Predecessor:} 16... Bf8 17. Nd3 Qb6 {½-½ (60) Fedorchuk,S (2637)-Maisuradze,N (2172) Orsay 2018}) 17. Rxc5 Bd7 18. h3 Bf8 19. Rc2 Qa5 20. b3 Re4 ({Better is} 20... Qa6 $15) 21. Be3 (21. Rxe4 $11 dxe4 22. Nh2) 21... Rae8 22. Rf1 Bd6 23. Qc1 Qc7 24. Re1 Qc8 25. Nh2 Rh4 (25... Kf7 $15) 26. f3 {[%emt 0:04:25] [#]} Bxh2+ (26... Bxh3 $1 $15 27. gxh3 Qxh3) 27. Kxh2 Bxh3 {[%emt 0:00:02] [#]} 28. Kg1 (28. Kg3 $1 $16 g5 29. Rxc6) 28... Bd7 29. Bf2 Rxe1+ 30. Qxe1 ({White should play} 30. Bxe1 $16 Rxd4 31. Bc3) 30... Rh5 (30... Rh6 $1 $11) 31. Bg3 Kf7 (31... Rh6 $14) 32. Re2 Be6 33. Bf2 (33. Qa5 $14) 33... Rf5 34. Re3 h5 35. g3 ({White should try} 35. b4 $14) 35... Qd7 36. Rc3 Qd6 37. Kg2 Bd7 38. Be3 Qe6 $11 39. Qd1 g5 40. Qd3 g4 41. f4 h4 42. gxh4 g3 43. Bd2 Rh5 44. Qxg3 Qe2+ 45. Qf2 Qg4+ 46. Qg3 Qe2+ 47. Qf2 Qe4+ 48. Qf3 Qxf3+ 49. Kxf3 Rxh4 50. Kg2 Kg6 51. Rg3+ Kf5 52. Rg7 Rg4+ 53. Rxg4 Kxg4 54. Kf2 Bf5 1/2-1/2

[Event "55th Rubinstein Memorial-C 2019"]
[Site "Polanica-Zdroj"]
[Date "2019.08.19"]
[Round "3.21"]
[White "Janzer, Hubert"]
[Black "Wojtowicz, Stanislaw"]
[Result "1-0"]
[ECO "D00"]
[WhiteElo "1803"]
[BlackElo "2050"]
[Annotator "NA RC"]
[PlyCount "65"]
[EventDate "2019.08.17"]
[EventType "swiss"]
[EventCountry "POL"]
[SourceTitle "playchess.com"]
[Source "ChessBase"]
[SourceQuality "1"]
[TimeControl "40/5400+30:1800+30"]

1. d4 d5 2. Bf4 e6 3. e3 Bd6 4. Bg3 Bxg3 5. hxg3 Nf6 6. Nf3 h6 {[%emt 0:00:21] D02: 1 d4 d5 2 Nf3 sidelines, including 2...Nf6 3 g3 and 2...Nf6 3 Bf4} (6... Nbd7 7. c4 dxc4 8. Bxc4 c5 9. Nc3 a6 10. a4 cxd4 11. Qxd4 Qa5 12. g4 e5 13. Qd6 Qb6 14. Qa3 e4 15. Nd2 Qa5 16. g5 Qxg5 17. Ndxe4 Nxe4 18. Nxe4 Qa5+ 19. Kf1 {1-0 (19) Georgiev,K (2627)-Lazic,M (2466) Padova 2015}) 7. Nbd2 Nbd7 8. Bd3 c5 9. c3 Qe7 10. Ne5 Nxe5 11. dxe5 Nd7 12. f4 c4 13. Bc2 Nc5 $146 ({Predecessor:} 13... b5 14. Nf3 {1-0 (28) Scotti,U (2182)-Salati,P (1954) Arco 2005}) 14. Nf3 Bd7 15. Nd4 b6 16. Qe2 a6 17. e4 Nxe4 18. Bxe4 dxe4 19. Qxe4 O-O 20. g4 f5 21. gxf5 exf5 22. Qd5+ Kh8 (22... Qf7 $16 {might work better.} 23. Qf3 Rab8) 23. O-O-O Rfe8 24. Rh5 Rad8 {[%emt 0:02:17] [#]} 25. Rdh1 $1 ({Much less strong is} 25. Qxc4 $6 Bb5 $18) 25... Be6 26. Qc6 Rxd4 $2 (26... Kg8 27. Qxb6 Qf7) 27. cxd4 c3 28. d5 cxb2+ 29. Kb1 Qd7 {[%emt 0:04:07] [#]} 30. Rxh6+ $1 gxh6 31. Rxh6+ {[%emt 0:00:07] Double Attack} Kg7 32. Rxe6 Qxc6 $18 33. Rxc6 1-0

[Event "55th Rubinstein Memorial-C 2019"]
[Site "Polanica-Zdroj"]
[Date "2019.08.19"]
[Round "3.22"]
[White "Kroliczek, Gabriela"]
[Black "Babczynski, Zbigniew"]
[Result "1-0"]
[ECO "B23"]
[WhiteElo "1787"]
[BlackElo "1551"]
[Annotator "NA RC"]
[PlyCount "65"]
[EventDate "2019.08.17"]
[EventType "swiss"]
[EventCountry "POL"]
[SourceTitle "playchess.com"]
[Source "ChessBase"]
[SourceQuality "1"]
[TimeControl "40/5400+30:1800+30"]

1. e4 c5 2. Nc3 g6 3. d4 cxd4 4. Qxd4 Nf6 5. b3 Bg7 6. Bb2 Nc6 7. Qd2 Nxe4 8. Nxe4 Bxb2 9. Rd1 Bg7 10. Bc4 O-O 11. Nf3 d6 12. O-O Bg4 13. Qf4 Bf5 14. Rfe1 Ne5 15. Nxe5 Bxe5 16. Qh6 Bg7 17. Qf4 h6 18. Ng3 Bxc2 19. Rd2 g5 20. Qe3 Bg6 21. Qxe7 Bc3 22. Rxd6 Qxe7 23. Rxe7 Kg7 24. Rxb7 a5 25. Nf1 Bb4 26. Rdd7 Rae8 27. h3 Re1 28. Rb5 Ra1 29. a4 Rc1 30. Kh2 Rc8 31. Ne3 Be1 32. Nf5+ Kf6 33. Rd6# 1-0

[Event "55th Rubinstein Memorial-C 2019"]
[Site "Polanica-Zdroj"]
[Date "2019.08.19"]
[Round "3.23"]
[White "Gajzner, Ryszard"]
[Black "Hasterok, Lukasz"]
[Result "1-0"]
[ECO "A46"]
[WhiteElo "1740"]
[BlackElo "1531"]
[Annotator "NA RC"]
[PlyCount "111"]
[EventDate "2019.08.17"]
[EventType "swiss"]
[EventCountry "POL"]
[SourceTitle "playchess.com"]
[Source "ChessBase"]
[SourceQuality "1"]
[TimeControl "40/5400+30:1800+30"]

1. d4 Nf6 2. Nf3 e6 3. g3 b6 4. Bg2 Bb7 5. O-O d6 6. c4 Nbd7 7. Nc3 Be7 8. Qc2 O-O 9. Rd1 c5 10. d5 exd5 11. cxd5 a6 12. e4 Qc7 13. Bf4 Nh5 14. Be3 g6 15. Rac1 b5 16. e5 dxe5 17. d6 Bxd6 18. Qd2 e4 19. Qxd6 Qxd6 20. Rxd6 exf3 21. Rxd7 Bc8 22. Bxf3 Bxd7 23. Bxc5 Rfc8 24. Bxa8 Rxc5 25. Rd1 Bc6 26. Rd8+ Kg7 27. Rc8 b4 28. Rxc6 Rxc6 29. Bxc6 bxc3 30. bxc3 Kf6 31. Bd5 Ng7 32. f4 Ne8 33. Kf2 Nc7 34. Bc4 Ke7 35. Ke3 f6 36. Kd4 Kd6 37. Bg8 h6 38. c4 a5 39. c5+ Kd7 40. a4 Kc6 41. Kc4 g5 42. fxg5 fxg5 43. Bf7 Kd7 44. Bd5 Ke7 45. Bc6 Ke6 46. Kd4 h5 47. Bf3 h4 48. Bg4+ Kf6 49. c6 Na6 50. Bc8 Nb4 51. Kc5 Ke7 52. Kb5 Kd6 53. gxh4 gxh4 54. Bd7 Kc7 55. h3 Kd6 56. Kb6 1-0

[Event "55th Rubinstein Memorial-C 2019"]
[Site "Polanica-Zdroj"]
[Date "2019.08.19"]
[Round "3.24"]
[White "Burdzicki, Jan"]
[Black "Bialik, Nikodem"]
[Result "1/2-1/2"]
[ECO "C02"]
[WhiteElo "1716"]
[BlackElo "1472"]
[Annotator "NA RC"]
[PlyCount "61"]
[EventDate "2019.08.17"]
[EventType "swiss"]
[EventCountry "POL"]
[SourceTitle "playchess.com"]
[Source "ChessBase"]
[SourceQuality "1"]
[TimeControl "40/5400+30:1800+30"]

1. e4 e6 2. d4 d5 3. e5 c5 4. c3 Qb6 5. Nf3 Nc6 6. Bd3 cxd4 7. cxd4 Bd7 8. O-O Nxd4 9. Nxd4 Qxd4 10. Nc3 a6 11. Qe2 Ne7 12. Kh1 Nc6 13. f4 Nb4 14. Rd1 Nxd3 15. Rxd3 Qc4 16. b3 Qc7 17. Bb2 Bb4 18. Qf2 Qc5 19. Qh4 Bxc3 20. Rxc3 Qe7 21. Qg4 g6 22. a4 h5 23. Qe2 Bc6 24. Ba3 Qd7 25. Bd6 f5 26. b4 Kf7 27. Rac1 Rhc8 28. Qf2 Qd8 29. a5 Qd7 30. Qh4 Qd8 31. Qf2 1/2-1/2

[Event "55th Rubinstein Memorial-C 2019"]
[Site "Polanica-Zdroj"]
[Date "2019.08.19"]
[Round "3.25"]
[White "Kurcaba, Lukasz"]
[Black "Kolodziejski, Piotr"]
[Result "0-1"]
[ECO "E14"]
[WhiteElo "1529"]
[BlackElo "1701"]
[Annotator "NA RC"]
[PlyCount "64"]
[EventDate "2019.08.17"]
[EventType "swiss"]
[EventCountry "POL"]
[SourceTitle "playchess.com"]
[Source "ChessBase"]
[SourceQuality "1"]
[TimeControl "40/5400+30:1800+30"]

1. d4 Nf6 2. Nf3 e6 3. c4 b6 4. e3 Bb7 5. a3 Be7 6. Bd3 d5 7. Nc3 dxc4 8. Bxc4 O-O 9. O-O Nbd7 10. Bd3 c5 11. Ng5 h6 12. Nge4 cxd4 13. exd4 Nxe4 14. Nxe4 Nf6 15. Nxf6+ Bxf6 16. Be3 Qd5 17. f3 Rfd8 18. Be4 Qd7 19. Bxb7 Qxb7 20. Rf2 Rd5 21. Qa4 Rc8 22. Rd2 Rc6 23. Rad1 b5 24. Qb3 a6 25. Rc2 Rcd6 26. Rcd2 Qd7 27. Qb4 Rc6 28. b3 Be7 29. Qa5 Bd8 30. Qb4 a5 31. Qc5 Rcxc5 32. dxc5 Bf6 0-1

[Event "55th Rubinstein Memorial-C 2019"]
[Site "Polanica-Zdroj"]
[Date "2019.08.19"]
[Round "3.26"]
[White "Milczarek, Robert"]
[Black "Kubik, Rafal"]
[Result "1/2-1/2"]
[ECO "D85"]
[WhiteElo "1698"]
[BlackElo "1464"]
[Annotator "NA RC"]
[PlyCount "32"]
[EventDate "2019.08.17"]
[EventType "swiss"]
[EventCountry "POL"]
[SourceTitle "playchess.com"]
[Source "ChessBase"]
[SourceQuality "1"]
[TimeControl "40/5400+30:1800+30"]

1. d4 Nf6 2. c4 g6 3. Nc3 d5 4. cxd5 Nxd5 5. e4 Nxc3 6. bxc3 Bg7 7. Nf3 c5 8. Rb1 O-O 9. Be2 cxd4 10. cxd4 Nc6 11. Be3 Qa5+ 12. Bd2 Qxa2 13. Ra1 Qb2 14. Rb1 Qa2 15. Ra1 Qb2 16. Rb1 Qa2 1/2-1/2

[Event "55th Rubinstein Memorial-C 2019"]
[Site "Polanica-Zdroj"]
[Date "2019.08.19"]
[Round "3.27"]
[White "Bartlomowicz, Jakub"]
[Black "Karpinski, Andrzej"]
[Result "1-0"]
[ECO "B07"]
[WhiteElo "1497"]
[BlackElo "1673"]
[Annotator "NA RC"]
[PlyCount "79"]
[EventDate "2019.08.17"]
[EventType "swiss"]
[EventCountry "POL"]
[SourceTitle "playchess.com"]
[Source "ChessBase"]
[SourceQuality "1"]
[TimeControl "40/5400+30:1800+30"]

1. e4 d6 2. d4 Nf6 3. Nc3 g6 4. f3 Bg7 5. Be3 c6 6. Qd2 b5 7. O-O-O a6 8. Bh6 Bxh6 9. Qxh6 Qc7 10. h4 Nbd7 11. g4 Bb7 12. h5 O-O-O 13. hxg6 fxg6 14. Nh3 b4 15. Ne2 Qa5 16. Kb1 e5 17. Ng5 Rdf8 18. Bh3 Kb8 19. Ne6 Rf7 20. Qe3 Nf8 21. dxe5 Qxe5 22. Nd8 Rc7 23. Nxb7 Rxb7 24. Qd3 d5 25. Qxa6 Qc7 26. g5 Ra7 27. Qd3 N6d7 28. exd5 c5 29. Qb5+ Rb7 30. Qc6 Qa5 31. Qd6+ Ka8 32. Rd3 Nb6 33. Qd8+ Rb8 34. Qf6 Nfd7 35. Qc6+ Rb7 36. Bxd7 Nxd7 37. Re3 Nb6 38. Re7 Rhb8 39. Rxb7 Rxb7 40. Rxh7 1-0

[Event "55th Rubinstein Memorial-C 2019"]
[Site "Polanica-Zdroj"]
[Date "2019.08.19"]
[Round "3.28"]
[White "Bugaj, Hanna"]
[Black "Klisowski, Bartosz"]
[Result "1-0"]
[ECO "D86"]
[WhiteElo "1622"]
[BlackElo "1372"]
[Annotator "NA RC"]
[PlyCount "85"]
[EventDate "2019.08.17"]
[EventType "swiss"]
[EventCountry "POL"]
[SourceTitle "playchess.com"]
[Source "ChessBase"]
[SourceQuality "1"]
[TimeControl "40/5400+30:1800+30"]

1. d4 Nf6 2. c4 g6 3. Nc3 d5 4. cxd5 Nxd5 5. e4 Nxc3 6. bxc3 Bg7 7. Bc4 c5 8. Be3 Nc6 9. Ne2 O-O 10. O-O a6 11. a4 Qc7 12. Ba2 Rd8 13. Qb3 e6 14. Rad1 cxd4 15. cxd4 Qe7 16. Rd2 Rb8 17. d5 exd5 18. exd5 Ne5 19. Bb6 Rd7 20. Rfd1 Qd6 21. Ng3 Nc4 22. Qxc4 Qxb6 23. d6 Qd8 24. Ne4 b5 25. axb5 axb5 26. Qb3 Bh6 27. Rd3 Bb7 28. Nc5 Qg5 29. Nxb7 Rbxb7 30. Rc3 Bf8 31. Rc8 Qf6 32. Qd5 Kg7 33. Rc6 b4 34. Bb3 h5 35. g3 Kg8 36. Ra6 Kg7 37. Ba4 b3 38. Bxd7 Rxd7 39. Qxb3 Rxd6 40. Rdxd6 Bxd6 41. Qd3 Qe7 42. Rxd6 Qe1+ 43. Kg2 1-0

[Event "55th Rubinstein Memorial-C 2019"]
[Site "Polanica-Zdroj"]
[Date "2019.08.19"]
[Round "3.29"]
[White "Jurkowska, Magdalena"]
[Black "Mytnik, Kinga"]
[Result "1/2-1/2"]
[ECO "C41"]
[WhiteElo "1320"]
[BlackElo "1620"]
[Annotator "NA RC"]
[PlyCount "96"]
[EventDate "2019.08.17"]
[EventType "swiss"]
[EventCountry "POL"]
[SourceTitle "playchess.com"]
[Source "ChessBase"]
[SourceQuality "1"]
[TimeControl "40/5400+30:1800+30"]

1. e4 d6 2. Nf3 e5 3. d4 Nd7 4. Nc3 Ngf6 5. Be2 Be7 6. O-O c6 7. a3 a5 8. Rb1 Qc7 9. dxe5 dxe5 10. b4 axb4 11. axb4 Nf8 12. b5 Bc5 13. h3 h6 14. Be3 Bxe3 15. fxe3 Ra3 16. Qd2 Qd7 17. Bd3 Ng6 18. bxc6 bxc6 19. Ne2 O-O 20. Qb4 Qa7 21. Qb6 Bd7 22. Qxa7 Rxa7 23. Rb2 Rfa8 24. Kf2 Be8 25. Ng3 Ra4 26. Rfb1 c5 27. Nd2 h5 28. Nc4 Rd8 29. Nb6 Ra7 30. Nf5 Bc6 31. Kf3 Nh7 32. h4 Ne7 33. Nxe7+ Rxe7 34. Kf2 Nf6 35. Kf3 Ng4 36. Nc4 Ree8 37. Rb6 Re6 38. Na5 Rf6+ 39. Kg3 Rdd6 40. Rf1 Rg6 41. Rf5 Bd7 42. Rb8+ Kh7 43. Rxh5+ Rh6 44. Rxh6+ Rxh6 45. Nc4 Rg6 46. Rb6 Be6 47. Kf3 Rf6+ 48. Kg3 Rg6 1/2-1/2

[Event "55th Rubinstein Memorial-C 2019"]
[Site "Polanica-Zdroj"]
[Date "2019.08.19"]
[Round "3.30"]
[White "Karalchuk, Alieksej"]
[Black "Wrona, Florian"]
[Result "0-1"]
[ECO "D00"]
[WhiteElo "1443"]
[BlackElo "1606"]
[Annotator "NA RC"]
[PlyCount "54"]
[EventDate "2019.08.17"]
[EventType "swiss"]
[EventCountry "POL"]
[SourceTitle "playchess.com"]
[Source "ChessBase"]
[SourceQuality "1"]
[TimeControl "40/5400+30:1800+30"]

1. d4 d5 2. Bf4 Nf6 3. e3 e6 4. Nf3 Bd6 5. Bg3 O-O 6. Nbd2 b6 7. Bd3 Bb7 8. Ne5 Nc6 9. c3 Nd7 10. Ndf3 Ncxe5 11. dxe5 Be7 12. Qc2 g6 13. h4 Nc5 14. Bf4 Nxd3+ 15. Qxd3 c5 16. g4 d4 17. Rh3 dxc3 18. Qxc3 Bxf3 19. Rxf3 Qd5 20. Rh3 Qg2 21. Rh2 Qg1+ 22. Ke2 Qxa1 23. g5 Rfd8 24. Qc2 Qg1 25. h5 Qg4+ 26. f3 Qf5 27. Qc1 Bxg5 0-1

[Event "55th Rubinstein Memorial-C 2019"]
[Site "Polanica-Zdroj"]
[Date "2019.08.19"]
[Round "3.31"]
[White "Wierzbicki, Dawid"]
[Black "Szuber, Dawid"]
[Result "1/2-1/2"]
[ECO "B23"]
[WhiteElo "1598"]
[BlackElo "1343"]
[Annotator "NA RC"]
[PlyCount "65"]
[EventDate "2019.08.17"]
[EventType "swiss"]
[EventCountry "POL"]
[SourceTitle "playchess.com"]
[Source "ChessBase"]
[SourceQuality "1"]
[TimeControl "40/5400+30:1800+30"]

1. e4 c5 2. Nc3 d6 3. g3 Nf6 4. Bg2 Nc6 5. d3 g6 6. Be3 Bg7 7. h3 Bd7 8. Qd2 a6 9. Nge2 Qc8 10. Bh6 O-O 11. h4 b5 12. h5 Bxh6 13. Qxh6 Ng4 14. Qd2 f5 15. Nd5 Qb7 16. exf5 Bxf5 17. Nxe7+ Qxe7 18. Bxc6 Rac8 19. Bd5+ Be6 20. Bxe6+ Qxe6 21. O-O Rce8 22. Nf4 Qf5 23. hxg6 hxg6 24. Rae1 Ne5 25. Kg2 g5 26. Nh3 Nf3 27. Qd1 Nxe1+ 28. Rxe1 Qd5+ 29. Kh2 Kg7 30. Rxe8 Rxe8 31. Qg4 Rh8 32. f4 Kf7 33. fxg5 1/2-1/2

[Event "55th Rubinstein Memorial-C 2019"]
[Site "Polanica-Zdroj"]
[Date "2019.08.19"]
[Round "3.32"]
[White "Karleszko, Karolina"]
[Black "Zaniewski, Mariusz"]
[Result "1-0"]
[ECO "B19"]
[WhiteElo "1596"]
[BlackElo "1301"]
[Annotator "NA RC"]
[PlyCount "57"]
[EventDate "2019.08.17"]
[EventType "swiss"]
[EventCountry "POL"]
[SourceTitle "playchess.com"]
[Source "ChessBase"]
[SourceQuality "1"]
[TimeControl "40/5400+30:1800+30"]

1. e4 c6 2. d4 d5 3. Nd2 dxe4 4. Nxe4 Bf5 5. Ng3 Bg6 6. h4 h6 7. Nf3 Nd7 8. h5 Bh7 9. Bf4 Ngf6 10. Bd3 Nd5 11. Be5 Qa5+ 12. Kf1 Bxd3+ 13. Qxd3 f6 14. c4 Qa6 15. Rd1 Nb4 16. Qb3 fxe5 17. Qxb4 exd4 18. Kg1 O-O-O 19. Qe1 Qxc4 20. Rh4 c5 21. Rc1 Qd5 22. Rxd4 Qxa2 23. Rd2 Qa5 24. Qe6 Qb6 25. Qg4 e6 26. Rcd1 Nf6 27. Rxd8+ Qxd8 28. Rxd8+ Kxd8 29. Qxe6 1-0

[Event "55th Rubinstein Memorial-C 2019"]
[Site "Polanica-Zdroj"]
[Date "2019.08.19"]
[Round "3.33"]
[White "Waszkowska, Sandra"]
[Black "Smukowski, Bartosz"]
[Result "1/2-1/2"]
[ECO "A40"]
[WhiteElo "1299"]
[BlackElo "1595"]
[Annotator "NA RC"]
[PlyCount "155"]
[EventDate "2019.08.17"]
[EventType "swiss"]
[EventCountry "POL"]
[SourceTitle "playchess.com"]
[Source "ChessBase"]
[SourceQuality "1"]
[TimeControl "40/5400+30:1800+30"]

1. d4 e6 2. Nf3 d5 3. Bf4 Nf6 4. e3 Nbd7 5. h3 Be7 6. Be2 O-O 7. O-O c5 8. c3 b6 9. Nbd2 Bb7 10. Rc1 Rc8 11. Bd3 Ne4 12. Ne5 Nxe5 13. Bxe5 Nxd2 14. Qxd2 c4 15. Bb1 f5 16. Rfe1 Bd6 17. Bf4 h6 18. Bxd6 Qxd6 19. f4 Rf6 20. Qe2 Qe7 21. Rf1 Qf7 22. Rf3 Bc6 23. Rg3 Be8 24. Bc2 Qh5 25. Qxh5 Bxh5 26. Bd1 Be8 27. Be2 Bf7 28. Rb1 Kh7 29. b3 cxb3 30. Rxb3 Be8 31. Rf3 Bh5 32. Rf2 Bxe2 33. Rxe2 Rf7 34. Rc2 Rc6 35. Kf1 Rfc7 36. Ke2 Kg8 37. Kd3 Kf7 38. Rb1 g5 39. fxg5 hxg5 40. g4 fxg4 41. hxg4 Kg6 42. Rh1 Rc8 43. Rh3 b5 44. Rh1 b4 45. Rhc1 Rxc3+ 46. Rxc3 bxc3 47. Rxc3 Rb8 48. Rb3 Rh8 49. Rb2 Rh4 50. Rg2 Rh1 51. Kc3 Rb1 52. Kd3 Rf1 53. Ke2 Rh1 54. Kd3 Rf1 55. Ke2 Rb1 56. Kd3 a6 57. Kc2 Rf1 58. Kc3 a5 59. Kd2 a4 60. Kc3 Kf6 61. Rg3 Rb1 62. Rg2 a3 63. Rf2+ Kg6 64. Rg2 Kf6 65. Rf2+ Ke7 66. Rg2 Kd6 67. Kd3 e5 68. dxe5+ Kxe5 69. Rf2 Rb2 70. Rxb2 axb2 71. Kc2 Ke4 72. Kxb2 Kxe3 73. Kc2 Ke2 74. Kc3 Ke3 75. Kc2 Ke2 76. Kc3 Ke3 77. Kc2 Ke2 78. Kc3 1/2-1/2